← All builds
Suicide front / Cortex / Economy first / OBSERVED BUILD

Standard suicide front

The role's baseline: bot lab first, economy expands through the first minutes, and Thugs with Aggravators and Grunts carry the fight to the middle as T2 approaches.

#eco #defence · 409 distinct matches · 80 players · 70% of Cortex Suicide front games · team won 51% of 425 · Recently observed

HOW TO PLAY IT

Key timing: Bot Lab by 0:34

  1. Take 3 mex, then rush a Bot Lab immediately for early army.
  2. Finish Bot Lab, start pumping Thug, Grunt and Aggravator.
  3. Push units to middle to contest and secure reclaim early.
  4. Add Advanced Metal Extractor to keep economy scaling with the fight.
  5. Hold middle with bots until T2 reinforcements arrive from Geo.

Phase by phase

TYPICAL OF ITS 409 GAMES
  1. 1
  2. 2
  3. 3
PLAY THE OPENING

Follow the example game's first 6:00 step by step: what to build now, what comes next, and where it goes. At 1× it keeps pace with your own game.

  1. 1

    Up to the Bot Lab

    Economy
    • Metal Extractor1Mex
    Order
    1. Bot LabBot Lab after 1 mexdone ~0:34, middle half 0:27–0:44

    By 0:18 in all: 1 mex

    The example game in this phase · 1 step
    1. Bot LabBot Labdone 0:20 · typical 0:34
  2. 2

    Bot Lab to 5:00

    Economy
    • Metal Extractor4Mex
    • Wind Turbine3Wind
    Builders
    • Graverobber4 Graverobber
    • Construction Bot3 Con bot
    Army
    • Guard3 Guard
    • Thug14 Thug
    • Grunt3 Grunt
    • Aggravator1 Aggravator
    Other
    • Radar Tower1 Radar Tower

    By 5:00 in all: 5 mex · 3 wind

    The example game in this phase · 35 steps
    1. Mex
    2. GruntGrunt
    3. Wind
    4. Construction BotCon bot
    5. Wind
    6. Mex
    7. Wind
    8. Mex
    9. Construction BotCon bot ×2
    10. GraverobberGraverobber
    11. Mex
    12. ThugThug ×4
    13. GuardGuard
    14. ThugThug
    15. GuardGuard
    16. GraverobberGraverobber
    17. Mex
    18. GuardGuard
    19. ThugThug ×3
    20. Mex
    21. ThugThug ×2
    22. GraverobberGraverobber
    23. ThugThug
    24. Construction BotCon bot ×2
    25. ThugThug ×5
    26. GraverobberGraverobber
    27. ThugThug
    28. Wind
    29. ThugThug
    30. Mex
    31. ThugThug ×2
    32. Wind
    33. ThugThug ×2
    34. Wind
    35. ThugThug ×2
  3. 3

    5:00 to 10:00

    Economy
    • Metal Extractor1Mex
    • Wind Turbine14Wind
    Builders
    • Construction Turret2 Con turret
    • Graverobber2 Graverobber
    • Construction Bot1 Con bot
    Army
    • Guard1 Guard
    • Thug5 Thug
    • Grunt3 Grunt
    • Aggravator1 Aggravator

    Some games also: energy storage (47%) · Radar Tower (42%) · Twin Guard (32%) · Dragon's Teeth (31%)

    By 10:00 in all: 6 mex · 18 wind · 1 energy storage · 2 con turret

    The example game in this phase · 83 steps
    1. Wind
    2. GraverobberGraverobber
    3. Wind
    4. ThugThug ×18
    5. Con turret ×2
    6. Mex
    7. Con turret
    8. Mex
    9. Wind ×5
    10. Mex
    11. Wind
    12. Radar TowerRadar Tower
    13. Converter
    14. Wind ×2
    15. Converter
    16. Wind ×7
    17. Converter
    18. Wind ×2
    19. Energy storage
    20. Converter
    21. Mex
    22. Wind ×3
    23. Converter
    24. Wind ×5
    25. GuardGuard
    26. Converter
    27. Wind ×2
    28. Converter ×2
    29. GuardGuard
    30. Wind ×2
    31. Converter
    32. Wind ×5
    33. ThistleThistle
    34. Converter
    35. Wind ×2
    36. Converter
    37. Wind ×4
    38. Converter
    39. Construction BotCon bot
    40. Converter
    41. Advanced Bot LabAdvanced Bot Labdone 10:39
    42. Wind ×2
    43. Mex
    44. Converter
    45. Wind ×4
    46. Converter ×2
    47. SheldonSheldondone 10:53
    48. Mex
    49. SheldonSheldon
    50. Wind
    51. SheldonSheldon
    52. Converter
    53. Wind ×2
    54. SheldonSheldon
    55. Wind
    56. SheldonSheldon
    57. Wind ×2
    58. SheldonSheldon
    59. Wind ×2
    60. SheldonSheldon
    61. Advanced Construction BotT2 con bot
    62. Wind ×2
    63. SheldonSheldon
    64. Wind
    65. SheldonSheldon
    66. Advanced Metal ExtractorT2 mexdone 13:45
    67. Wind
    68. SheldonSheldon
    69. Wind ×3
    70. SheldonSheldon
    71. Advanced Metal ExtractorT2 mex
    72. Wind
    73. SheldonSheldon
    74. Wind
    75. Con turret
    76. Converter
    77. Wind
    78. SheldonSheldon
    79. Advanced Metal ExtractorT2 mex
    80. GraverobberGraverobber
    81. Converter
    82. Wind
    83. SheldonSheldon

Counts are medians over the build's games: half of them build more, half fewer. The example game is PrepareUrAfus's (45 OS, 26/09/2026); pick another.

Team trades

IN AT LEAST 30% OF ITS GAMES

You hand over

Nothing regular.

You get

  • Tidal Generator4 Tidal from Pondfirst at 0:11 · in 69% of games
  • Advanced Construction Bot1 T2 con bot from Geo or Techfirst at 7:33 · in 56% of games

How it plays out

Typical game of this build, running totals by minute

Metal produced

010k20k
0:005:0010:0015:00

metal

Enemy metal destroyed

05k10k
0:005:0010:0015:00

metal

Own metal lost

05k10k15k
0:005:0010:0015:00

metal

425 games.

Show as table
ByMetal produced: This buildEnemy metal destroyed: This buildOwn metal lost: This build
1:0027700
2:0096900
3:002065193133
4:003154683643
5:00430516361416
6:00553025472414
7:00672735513533
8:00791944944504
9:00916551675488
10:001041858536283
11:001198063147108
12:001356168307989
13:001521774478812
14:001701882199641
15:0018387878210388
WHAT THE NUMBERS SAY

This is the role's baseline aggressive job, winning half its games while both dealing and taking heavy metal losses fighting at middle.

  • + Fastest Bot Lab of any role (0:34), gets units fighting almost immediately.
  • + Destroys 8805 enemy metal by 15:00 through constant middle pressure.
  • − Loses 10461 own metal by 15:00, more than it destroys.
  • − Metal production lags behind other front role at 18297 by 15:00.
THE EXAMPLE YOU ARE READING

PrepareUrAfus

45.5 OS · 26/09/2026

Open source match ↗

4 received units
1191 metal received · 57555 energy received

Allied construction assistance is unknown. Timings are observations, not a promise of solo reproducibility.

Typical milestones

Bot Lab0:34Middle 50%: 0:27–0:44 · n=421
Advanced Metal Extractor9:41Middle 50%: 8:45–10:58 · n=275

Played most by

_X_64games of this build_Hawkey_44games of this buildImmort29games of this buildGuiTou25games of this buildViltrum23games of this build